cohdb
Replays
Latest Replays
All Replays
Popular Replays
Top Player Replays
Match Explorer
How It Works
Community
CoH3 Stats
Reddit
Sign in to upload your games and track your stats! →
Sign in with Steam
Match 43487107
Unlisted
Match 43487107
Overview
Messages
Build Orders
End
Construct Section Command Post
Dingo Light Scout Car
Dingo Light Scout Car
Royal Engineer Section
Construct Platoon Command Post
Vickers Machine Gun Team
Selects Australian Defense Battlegroup
6-pounder Anti-tank Gun Team
Royal Engineer Section
Construct Company Command Post
Selects CMP 15cwt Supply Run
CMP 15cwt Supply Run
Matilda II Heavy Tank
Royal Engineer Section
Armored Vehicle Training
Royal Engineer Section
Unlock M3 Grant Medium Tanks
Selects Reinforced Resource Caches
M3 Grant Medium Tank
CMP 15cwt Supply Run
Vickers Machine Gun Team
M3 Grant Medium Tank
Team Weapon Training
CMP 15cwt Truck
Royal Engineer Section
Selects Archer Tank Destroyer
Archer Tank Destroyer
CMP 15cwt Truck
Selects Australian Light Infantry Section
Selects Defensive Tactics
Selects Vehicle Over Repair
Archer Tank Destroyer
Royal Engineer Section
Royal Engineer Section
Royal Engineer Section
김문상
Joker
jhc0928d
Zannen
嫂子开门我是我哥
皮皮
JT
只出曲线
0
0
Comments
sign in to comment!
No comments posted yet!